 Dungeon Crawl Stone Soup version 0.28.0 (webtiles) character file.

Game seed: 4202077542990096684

42 themarg the Caller (level 3, -4/24 HPs)
             Began as a Merfolk Summoner on Feb 18, 2022.
             Slain by Terence (8 damage)
             ... on level 2 of the Dungeon.
             The game lasted 00:08:53 (1825 turns).

themarg the Caller (Merfolk Summoner)               Turns: 1825, Time: 00:08:53

Health: -4/24      AC:  2    Str:  8    XL:     3   Next: 54%
Magic:  3/6        EV: 12    Int: 16    God:
Gold:   57         SH:  5    Dex: 14    Spells: 2/6 levels left

rFire   . . .      SeeInvis .   b - +0 dagger
rCold   . . .      Faith    .   (no shield)
rNeg    . . .      Spirit   .   a - +0 robe
rPois   .          Reflect  +   (no helmet)
rElec   .          Harm     .   (no cloak)
rCorr   .          Rampage  .   (no gloves)
Will    .....                   (no boots)
Stlth   ++........              d - amulet of reflection
HPRegen 0.08/turn               (no ring)
MPRegen 0.10/turn               (no ring)

@: no status effects
A: (nimble swimmer 2), mertail
a: no special abilities


You were on level 2 of the Dungeon.
You visited 1 branch of the dungeon, and saw 2 of its levels.

You collected 57 gold pieces.

Inventory:

Hand Weapons
 b - a +0 dagger (weapon)
Missiles
 e - 14 stones
Armour
 a - a +0 robe (worn)
Jewellery
 d - an amulet of reflection (around neck)
Scrolls
 c - a scroll of fog {unknown}


   Skills:
 + Level 0.4 Short Blades
 + Level 2.7 Dodging
 + Level 2.4 Stealth
 + Level 0.2 Unarmed Combat
 + Level 2.4 Spellcasting
 + Level 4.7 Summonings


You had 2 spell levels left.
You knew the following spells:

 Your Spells              Type           Power      Damage    Failure   Level
a - Summon Small Mammal   Summ           68%        N/A       2%          1
b - Call Canine Familiar  Summ           17%        N/A       9%          3

Your spell library contained the following spells:

 Spells                   Type           Power      Damage    Failure   Level
 Call Imp                 Summ           17%        N/A       4%          2
 Magic Dart               Conj           4%         1d3       21%         1
 Summon Guardian Golem    Hex/Summ       9%         N/A       22%         3
 Mephitic Cloud           Conj/Pois/Air  1%         N/A       52%         3
 Summon Lightning Spire   Summ/Air       9%         N/A       58%         4


Dungeon Overview and Level Annotations

Branches:
Dungeon (2/15)

Altars:

Shops:
D:1 **(

Annotations:
D:2 Terence


Innate Abilities, Weirdness & Mutations

((You are very nimble when in or above water. (Stealth+, EV+, Speed+++)))
Your lower body shifts to a powerful aquatic tail in water.


Message History

Your bat closely misses Terence.
Your bat closely misses Terence.
Your bat barely misses Terence.
Terence screams, "I'm going to kill you!"
Your hound bites Terence.
Terence hits your hound with a +0 mace.
Your bat barely misses Terence.
Your hound bites Terence.
Terence hits your hound with a +0 mace!
Your hound dies!
Your hound's corpse disappears in a puff of smoke!
Your bat barely misses Terence.
Your bat hits Terence but does no damage.
Terence hits your bat with a +0 mace!
Your bat dies!
Your bat's corpse disappears in a puff of smoke!
Terence shouts!
Casting: Summon Small Mammal (safe; 2% risk of failure)
Confirm with . or Enter, or press ? or * to list all spells.
The spell is quite dangerous to miscast (9% risk of failure)!
Continue anyway?
What are your orders? t - Shout!
Orders for allies: a - Attack new target. r - Retreat! s - Stop attacking. g - Guard the area. f - Follow me.
Anything else - Cancel.
Gang up on whom?
Press: ? - help, Dir - move target, f - Terence
Aim: Terence, wielding a +0 mace and wearing a +0 ring mail (severely wounded, ally target) Attack!
Your hound bites Terence.
Your hound barely misses Terence.
You hit Terence but do no damage.
Terence is almost dead.
Your hound bites Terence.
Terence hits you with a +0 mace.
* * * LOW HITPOINT WARNING * * *
Your hound bites Terence but does no damage.
You completely miss Terence.
Terence is almost dead.
Your hound bites Terence but does no damage.
Terence hits you with a +0 mace!
You die...

..h##....# ...h.##..##
####.###..# #.##...### # ##
#.##.....####.##..
####.................
..............####.#########
######..#).....h.#.#.......#
######..#.##.#.@@..#.......#
.....#....##..##.<.#..#+#..#
...............##..'..#_#..#
........#####..###.#..###..#
.......######...##.#.......#
.....).###.....>...#.......#
.........#.........#########
.......#...............
.....>####............#


You could see Terence (ally target) and a friendly hound (summoned).

Vanquished Creatures
  A dart slug (D:2)
  2 bats (D:2)
  An endoplasm (D:2)
  A goblin (D:1)
  A kobold (D:1)
  A quokka (D:2)
  3 rats (D:1)
10 creatures vanquished.

Vanquished Creatures (collateral kills)
  A dart slug (D:1)
  A ball python (D:1)
  4 endoplasms (D:1)
  2 giant cockroaches (D:1)
  2 goblins (D:1)
  A hobgoblin (D:1)
  4 jackals (D:1)
  A bat (D:1)
  5 frilled lizards
  2 kobolds
  2 rats (D:1)
25 creatures vanquished.

Grand Total: 35 creatures vanquished

Notes
Turn   | Place    | Note
-------+----------+-------------------------------------------
     0 | D:1      | themarg the Merfolk Summoner began the quest for the Orb.
     0 | D:1      | Reached XP level 1. HP: 13/13 MP: 3/3
    50 | D:1      | Found Babuapu's Weapon Shop.
   209 | D:1      | Found Yguply Yvoz's Assorted Antiques.
   373 | D:1      | Reached XP level 2. HP: 17/19 MP: 1/5
   886 | D:1      | Found Urotoh's Assorted Antiques.
  1028 | D:1      | Reached XP level 3. HP: 21/24 MP: 4/6
  1585 | D:2      | Found a faded altar of an unknown god.
  1759 | D:2      | Noticed Terence
  1781 | D:1      | Learned a level 3 spell: Call Canine Familiar
  1825 | D:2      | Slain by Terence

Illustrated notes

Levels and vault maps discovered:
D:1:      dpeg_arrival_court, layout_basic, serial_shops, shop,
          nicolae_shop_crystal, nicolae_shop_overgrown_old_shop,
          due_unseen_surprise
D:2:      layout_rooms, hellmonk_ecumenical_altar_inner_sanctum, uniq_terence

Action                   || total
-------------------------++-------
Melee: Unarmed           ||    16
       Punch             ||     1
       Dagger            ||    83
 Cast: Summon Small Mamm ||    38
       Call Canine Famil ||     2
 Stab: Distracted        ||     2
       Sleeping          ||     2
Armor: Robe              ||    18
Dodge: Dodged            ||    55
Block: Other             ||    17
